[Event "Titled Tuesday Blitz May 9 Late 2023"]
[White "Wieczorek, Oskar"]
[Black "Grigoriants, Sergey"]
[WhiteFideId "1133950"]
[BlackFideId "4130804"]
[WhiteElo "2418"]
[BlackElo "2502"]
[Result "1-0"]
[Round "07"]
[TimeControl "180+2"]
[Date "2023.05.09"]
[WhiteClock "0:00:11"]
[BlackClock "0:00:00"]

1. e4 c5 2. Nf3 Nc6 3. b4 cxb4 4. d4 d6 5. d5 Ne5 6. Qd4 Nxf3+ 7. gxf3 Nf6 8. Bb2 g6 9. Qxb4 Bg7 10. Bd3 O-O 11. h4 Nh5 12. Bxg7 Kxg7 13. Nc3 e5 14. dxe6 fxe6 15. O-O-O Qb6 16. Qxb6 axb6 17. Be2 Nf4 18. Rxd6 Ra3 19. Kb2 Rxc3 20. Kxc3 Nxe2+ 21. Kd2 Nf4 22. Rb1 e5 23. Rbxb6 Nh3 24. Rb5 Ng1 25. Rc5 Nxf3+ 26. Ke3 Bg4 27. Rc7+ Kh6 28. Rxb7 Nxh4 29. a4 Rf3+ 30. Kd2 Ra3 31. Rb4 Nf3+ 32. Kc1 Nd4 33. Kb2 Rf3 34. a5 Rxf2 35. Rc4 Be2 36. Rc5 Bd3 37. a6 Bxc2 38. a7 Bxe4+ 39. Kc3 Ra2 40. Rxe5 Ne2+ 41. Kb3 Nc1+ 42. Kb4 Nd3+ 43. Rxd3 Bxd3 44. Re7 Bf5 45. Kb3 1-0


[Site "https://www.chess.com"]

[Event "Titled Tuesday Blitz May 9 Late 2023"]
[White "Rodshtein, Maxim"]
[Black "Karttunen, Mika"]
[WhiteFideId "2806851"]
[BlackFideId "502081"]
[WhiteElo "2555"]
[BlackElo "2396"]
[Result "1-0"]
[Round "07"]
[TimeControl "180+2"]
[Date "2023.05.09"]
[WhiteClock "0:01:52"]
[BlackClock "0:00:13"]

1. d4 Nf6 2. Nf3 d5 3. e3 e6 4. Nbd2 c5 5. a3 Nc6 6. dxc5 Bxc5 7. b4 Bd6 8. c4 a5 9. b5 Ne7 10. Bb2 Ng6 11. Be2 O-O 12. O-O b6 13. cxd5 exd5 14. Nd4 Be6 15. Rc1 Re8 16. Nc6 Qc7 17. Bxf6 Bxh2+ 18. Kh1 gxf6 19. f4 Bxf4 20. exf4 Nxf4 21. Rc3 Qd6 22. Ne4 dxe4 23. Rg3+ 1-0


[Site "https://www.chess.com"]

[Event "Titled Tuesday Blitz May 9 Late 2023"]
[White "Jaracz, Pawel"]
[Black "Kramnik, Vladimir"]
[WhiteFideId "1102222"]
[BlackFideId "4101588"]
[WhiteElo "2438"]
[BlackElo "2703"]
[Result "0-1"]
[Round "07"]
[TimeControl "180+2"]
[Date "2023.05.09"]
[WhiteClock "0:00:02"]
[BlackClock "0:00:03"]

1. e4 c5 2. Nf3 e6 3. d4 cxd4 4. Nxd4 a6 5. Bd3 Nf6 6. O-O Qc7 7. Qe2 d6 8. c4 Nbd7 9. f4 g6 10. f5 Bg7 11. fxe6 Ne5 12. exf7+ Nxf7 13. Kh1 O-O 14. Nc3 Bd7 15. Bf4 Rae8 16. Qd2 Qd8 17. Rae1 Nh5 18. Be3 Qh4 19. Bf2 Qd8 20. Nd5 Ne5 21. Be2 Nf6 22. Nxf6+ Rxf6 23. Be3 Ref8 24. Rxf6 Qxf6 25. Nf3 Bc6 26. Ng5 h6 27. Nh3 Bxe4 28. Rf1 Qxf1+ 29. Bxf1 Rxf1+ 30. Ng1 Nxc4 31. Qb4 d5 32. Ba7 b5 33. Qe7 Rf7 34. Qe6 Bf6 35. b3 Ne5 36. Bd4 Nd3 37. Be3 g5 38. h4 Kg7 39. hxg5 hxg5 40. Nf3 Re7 41. Qb6 Bxf3 42. gxf3 Ne5 43. Kg2 Ng6 44. Bd4 Nf4+ 45. Kf1 Bxd4 46. Qxd4+ Kg6 47. Qb6+ Re6 48. Qxa6 Rxa6 0-1


[Site "https://www.chess.com"]

[Event "Titled Tuesday Blitz May 9 Late 2023"]
[White "Arabidze, Meri"]
[Black "Tari, Aryan"]
[WhiteFideId "13604040"]
[BlackFideId "1510045"]
[WhiteElo "2405"]
[BlackElo "2571"]
[Result "0-1"]
[Round "07"]
[TimeControl "180+2"]
[Date "2023.05.09"]
[WhiteClock "0:00:31"]
[BlackClock "0:00:28"]

1. d4 Nf6 2. c4 e6 3. Nf3 d5 4. Nc3 Ne4 5. Bf4 Bb4 6. Qc2 c5 7. e3 Qa5 8. Rc1 Nc6 9. Bd3 cxd4 10. Nxd4 Nc5 11. O-O Nxd4 12. exd4 Nxd3 13. Qxd3 dxc4 14. Qxc4 O-O 15. a3 Bxc3 16. Rxc3 Bd7 17. Be5 Bb5 18. Qc5 b6 19. Rg3 f6 20. Qe7 Rf7 21. Qxe6 fxe5 22. Rc1 Re8 23. Qd5 Qd2 0-1


[Site "https://www.chess.com"]

[Event "Titled Tuesday Blitz May 9 Late 2023"]
[White "Pichot, Alan"]
[Black "benny_aizenberg"]
[WhiteFideId "110973"]
[WhiteElo "2573"]
[BlackElo "2650"]
[Result "1-0"]
[Round "07"]
[TimeControl "180+2"]
[Date "2023.05.09"]
[WhiteClock "0:00:25"]
[BlackClock "0:00:02"]

1. e4 c5 2. Nf3 d6 3. d4 cxd4 4. Nxd4 Nf6 5. Nc3 a6 6. Bg5 e6 7. f4 Be7 8. Qf3 Qc7 9. O-O-O Nbd7 10. g4 b5 11. Bxf6 Nxf6 12. g5 Nd7 13. f5 O-O 14. h4 b4 15. Nce2 Nc5 16. f6 Bd8 17. fxg7 Kxg7 18. Nf4 Bb7 19. Nh5+ Kh8 20. Bd3 d5 21. e5 Qxe5 22. Qg4 Rc8 23. Kb1 f5 24. gxf6 Bxf6 25. Nxf6 Qxf6 26. Rhf1 Qg7 27. Qxg7+ Kxg7 28. Rg1+ Kh8 29. Rde1 Rce8 30. Rg5 Rf4 31. Nf5 Rf8 32. Nd6 Bc6 33. Reg1 Nxd3 34. cxd3 Rf1+ 35. Kc2 Rxg1 36. Rxg1 a5 37. d4 Bd7 38. Kd3 h6 39. Rc1 Kg7 40. Rc7 Rd8 41. Nb7 Rf8 42. Rxd7+ Kg6 43. Nc5 Rf3+ 44. Ke2 Rf4 45. Ke3 Rxh4 46. Rd6 Kf5 47. Rxe6 Rh3+ 48. Ke2 Rh2+ 49. Kf3 Rxb2 50. Re5+ Kf6 51. Rxd5 Rxa2 52. Ne4+ Ke6 53. Rd6+ Kf5 54. Rf6# 1-0


[Site "https://www.chess.com"]

[Event "Titled Tuesday Blitz May 9 Late 2023"]
[White "Subelj, Jan"]
[Black "Kobo, Ori"]
[WhiteFideId "14618583"]
[BlackFideId "2812320"]
[WhiteElo "2474"]
[BlackElo "2454"]
[Result "1-0"]
[Round "07"]
[TimeControl "180+2"]
[Date "2023.05.09"]
[WhiteClock "0:01:05"]
[BlackClock "0:00:06"]

1. d4 Nf6 2. Nf3 g6 3. b3 Bg7 4. Bb2 O-O 5. e3 d6 6. Be2 Bf5 7. O-O a5 8. c4 Nc6 9. Nc3 Ne4 10. Nxe4 Bxe4 11. Ng5 Bf5 12. e4 Bd7 13. Qd2 e5 14. d5 Nd4 15. Nf3 Nxe2+ 16. Qxe2 b6 17. Nd2 f5 18. f4 exf4 19. Bxg7 Kxg7 20. Rxf4 Qe7 21. Re1 Rae8 22. Rf2 Qe5 23. Nf3 Qc3 24. e5 dxe5 25. Nxe5 Re7 26. Qd2 Qxd2 27. Rxd2 Rfe8 28. Rde2 Bc8 29. Kf2 Kf6 30. Nf3 Rxe2+ 31. Rxe2 Rxe2+ 32. Kxe2 g5 33. Nd4 Ke5 34. Nb5 Bd7 35. Nxc7 Kd6 36. Na8 Kc5 37. Kd3 b5 38. Nc7 bxc4+ 39. bxc4 Kd6 40. Nb5+ Bxb5 41. cxb5 Kxd5 42. a4 Kc5 43. Ke3 h5 44. h4 gxh4 45. Kf4 Kb4 46. b6 1-0


[Site "https://www.chess.com"]

[Event "Titled Tuesday Blitz May 9 Late 2023"]
[White "Lewicki, Miroslaw"]
[Black "Grigorov, Grigor"]
[WhiteFideId "1113380"]
[BlackFideId "2907313"]
[WhiteElo "2212"]
[BlackElo "2510"]
[Result "0-1"]
[Round "07"]
[TimeControl "180+2"]
[Date "2023.05.09"]
[WhiteClock "0:00:00"]
[BlackClock "0:00:06"]

1. b3 d5 2. Bb2 Nf6 3. f4 Bf5 4. Nf3 e6 5. e3 h6 6. g3 Be7 7. Bg2 c5 8. O-O Nc6 9. Nc3 d4 10. exd4 cxd4 11. Nb5 d3 12. c4 a6 13. Nc3 O-O 14. Qe1 Bc5+ 15. Kh1 Nb4 16. Rc1 Nc2 17. Qd1 Ng4 18. Na4 Nf2+ 19. Rxf2 Bxf2 20. Qf1 Ba7 21. Ne5 f6 22. Nf3 b5 23. cxb5 axb5 24. Nc3 b4 25. Na4 Rc8 26. Nh4 Bh7 27. f5 exf5 28. Qf4 g5 29. Qf3 gxh4 30. gxh4 Qe7 31. Qh5 Qg7 32. Rf1 Qg6 33. Bd5+ Kh8 34. Qf3 f4 35. Qxf4 Rcd8 36. h5 Qg7 37. Bc4 Bd4 38. Bxd4 Rxd4 39. Qf2 Be4+ 0-1


[Site "https://www.chess.com"]

[Event "Titled Tuesday Blitz May 9 Late 2023"]
[White "TimGrutter03"]
[Black "Remizov, Yaroslav"]
[BlackFideId "34134015"]
[WhiteElo "2620"]
[BlackElo "2400"]
[Result "0-1"]
[Round "07"]
[TimeControl "180+2"]
[Date "2023.05.09"]
[WhiteClock "0:00:00"]
[BlackClock "0:00:19"]

1. d4 Nf6 2. c4 e6 3. g3 c5 4. d5 exd5 5. cxd5 g6 6. Bg2 Bg7 7. Nf3 d6 8. O-O O-O 9. Nc3 Re8 10. Nd2 a6 11. a4 Nbd7 12. Nc4 Ne5 13. Nxe5 Rxe5 14. Bf4 Re8 15. e4 Ng4 16. Qb3 Ne5 17. a5 Rb8 18. Na4 Qxa5 19. Nb6 Qb5 20. Qxb5 axb5 21. Ra7 h6 22. h4 Rd8 23. b4 c4 24. Ra5 Nd3 25. Rxb5 c3 26. Rd1 Nxf4 27. gxf4 Bg4 28. f3 Bh5 29. Kf2 f5 30. exf5 gxf5 31. Bh3 Be8 32. Ra5 c2 33. Rc1 Bd4+ 34. Ke2 Bxb6 35. Ra2 Bb5+ 36. Kd2 Re8 37. Rcxc2 Be3+ 38. Kc3 Bxf4 39. Bxf5 Re3+ 40. Kb2 Be5+ 41. Kc1 Rxf3 42. Be6+ Kh8 43. Rf2 Rc3+ 44. Kd2 Rd3+ 45. Ke1 Rd4 0-1


[Site "https://www.chess.com"]

[Event "Titled Tuesday Blitz May 9 Late 2023"]
[White "Holt, Conrad"]
[Black "Filgueira, Hernan"]
[WhiteFideId "2034387"]
[BlackFideId "101770"]
[WhiteElo "2592"]
[BlackElo "2363"]
[Result "1/2-1/2"]
[Round "07"]
[TimeControl "180+2"]
[Date "2023.05.09"]
[WhiteClock "0:00:06"]
[BlackClock "0:00:15"]

1. d4 d5 2. c4 c6 3. Nc3 Nf6 4. e3 e6 5. Bd3 a6 6. cxd5 exd5 7. Nge2 Bd6 8. f3 O-O 9. e4 dxe4 10. fxe4 Be7 11. O-O c5 12. e5 Nd5 13. Nxd5 Qxd5 14. Qc2 cxd4 15. Bxh7+ Kh8 16. Bf4 d3 17. Bxd3 Qc5+ 18. Kh1 Qxc2 19. Bxc2 Nc6 20. Nc3 Be6 21. Be4 Rad8 22. Rad1 Bc5 23. Bxc6 bxc6 24. Ne4 Bd4 25. b3 c5 26. Bg5 Rd5 27. Be7 Re8 28. Bxc5 Bxe5 29. h3 Rc8 30. Rc1 f6 31. Be3 Rxc1 32. Rxc1 Rd3 33. Re1 Bd5 34. Nc5 Rc3 35. Re2 a5 36. Kg1 Bg3 37. Kf1 Be5 38. Ke1 a4 39. Kd2 axb3 40. axb3 Bxb3 41. Nxb3 Rxb3 42. Kc2 Rb2+ 43. Kd3 Rxe2 44. Kxe2 Kh7 45. Kf3 Kg6 46. Bf2 Bd6 47. Be3 Be7 1/2-1/2


[Site "https://www.chess.com"]

[Event "Titled Tuesday Blitz May 9 Late 2023"]
[White "Tanenbaum, Zachary"]
[Black "Kourkoulos-Arditis, Stamatis"]
[WhiteFideId "2060850"]
[BlackFideId "4221990"]
[WhiteElo "2175"]
[BlackElo "2400"]
[Result "0-1"]
[Round "07"]
[TimeControl "180+2"]
[Date "2023.05.09"]
[WhiteClock "0:00:00"]
[BlackClock "0:00:13"]

1. e4 c5 2. Nf3 e6 3. d4 cxd4 4. Nxd4 Nf6 5. Nc3 d6 6. Be3 Nc6 7. f3 a6 8. Qd2 Bd7 9. O-O-O Rc8 10. g4 b5 11. g5 Nh5 12. f4 g6 13. f5 b4 14. Nce2 Nxd4 15. Nxd4 e5 16. Nf3 Qa5 17. Kb1 gxf5 18. Bh3 Be6 19. b3 f4 20. Bxe6 fxe6 21. Ba7 Qc7 22. Qf2 Be7 23. Bb6 Qc6 24. Rhe1 O-O 25. Rd2 Rf7 26. Qh4 Ng7 27. Bf2 a5 28. Qg4 a4 29. h4 a3 30. c4 bxc3 31. Rc2 Rb8 32. h5 Qc4 33. g6 hxg6 34. hxg6 Rf6 35. Qg5 Rxb3+ 36. axb3 Qxb3+ 37. Kc1 a2 38. Rxa2 Qxa2 39. Kd1 Qb2 40. Nd4 exd4 0-1


[Site "https://www.chess.com"]

[Event "Titled Tuesday Blitz May 9 Late 2023"]
[White "Rorrer, Grayson"]
[Black "MKlose11"]
[WhiteFideId "30944996"]
[WhiteElo "2200"]
[BlackElo "2608"]
[Result "1-0"]
[Round "07"]
[TimeControl "180+2"]
[Date "2023.05.09"]
[WhiteClock "0:00:11"]
[BlackClock "0:00:24"]

1. d4 Nf6 2. Nc3 d5 3. Bf4 c6 4. e3 Bf5 5. Nf3 h6 6. Bd3 Bxd3 7. Qxd3 Nh5 8. Be5 Nd7 9. O-O-O Nhf6 10. Rhe1 e6 11. h3 Nxe5 12. Nxe5 Bd6 13. f4 b5 14. Nxc6 Qb6 15. Qxb5 O-O 16. Qxb6 axb6 17. Nb5 Ne4 18. Nxd6 Nxd6 19. a3 f6 20. Kb1 Kf7 21. Nb4 g5 22. Nd3 Rg8 23. g4 Ne4 24. Rf1 Ke7 25. Ka2 Rh8 26. f5 h5 27. fxe6 hxg4 28. hxg4 Rh4 29. Rg1 Rh2 30. Kb3 Nd2+ 31. Ka2 Ne4 32. Rc1 Rh3 33. Rce1 Rh2 34. Kb1 Kxe6 35. Nb4 Rah8 36. Ka2 Rd2 37. Rh1 Rxh1 38. Rxh1 Rg2 39. Rh8 Rxg4 40. Re8+ Kd7 41. Rb8 Kc7 42. Rf8 Kd6 43. Rd8+ Ke7 44. Rb8 Rh4 45. Rxb6 g4 46. Nxd5+ Kf7 47. Rb7+ Kf8 48. Nf4 g3 49. Ng6+ Ke8 50. Nxh4 g2 51. Nxg2 Nc3+ 52. bxc3 f5 53. Nf4 Kd8 54. Rf7 Kc8 55. Rxf5 Kd8 56. Re5 Kd7 57. a4 Kc7 58. a5 Kb7 59. Kb3 Ka6 60. Kb4 Ka7 61. c4 Kb7 62. Kb5 Ka7 63. Re7+ Kb8 64. Kb6 Ka8 65. Re8# 1-0


[Site "https://www.chess.com"]

[Event "Titled Tuesday Blitz May 9 Late 2023"]
[White "Komov, Roman"]
[Black "Bryakin, Mikhail"]
[WhiteFideId "24175714"]
[BlackFideId "4165314"]
[WhiteElo "2189"]
[BlackElo "2467"]
[Result "0-1"]
[Round "07"]
[TimeControl "180+2"]
[Date "2023.05.09"]
[WhiteClock "0:00:00"]
[BlackClock "0:01:01"]

1. e4 Nf6 2. e5 Nd5 3. d4 d6 4. c4 Nb6 5. f4 g5 6. exd6 Qxd6 7. fxg5 Bg7 8. Nf3 Bg4 9. c5 Qe6+ 10. Be2 Bxf3 11. gxf3 Nd5 12. Nc3 Nc6 13. Nxd5 Qxd5 14. Be3 Bxd4 15. Bxd4 Nxd4 16. Qd3 O-O-O 17. O-O-O Qxc5+ 18. Kb1 Nxe2 19. Qxe2 Qf5+ 20. Ka1 Qxg5 21. Rhg1 Qf6 22. a3 h6 23. Qe4 c6 24. f4 Rxd1+ 25. Rxd1 Rd8 26. Rxd8+ Kxd8 27. f5 Qd6 28. Qe3 b6 29. Qf2 Kc7 30. h4 a5 31. Ka2 a4 32. Ka1 h5 33. Qe2 b5 34. Qxh5 Qd5 35. Qe2 Kd6 36. Qf2 c5 37. Qf4+ Qe5 38. Qd2+ Qd4 39. Qa5 Qd1+ 40. Ka2 Qb3+ 41. Ka1 Ke5 42. Qc7+ Kf6 43. Qc6+ Kxf5 44. Qxc5+ e5 45. Qf2+ Ke6 46. h5 Qd1+ 47. Ka2 Qxh5 48. Qb6+ Kf5 49. Qxb5 Qh4 50. Qd7+ Kg6 51. Qd3+ f5 52. Qd6+ Qf6 53. Qd2 Qe6+ 54. Ka1 e4 55. Qg2+ Kf7 0-1


[Site "https://www.chess.com"]

[Event "Titled Tuesday Blitz May 9 Late 2023"]
[White "Ismagilov, Damir"]
[Black "Prohaszka, Peter"]
[WhiteFideId "34199982"]
[BlackFideId "726265"]
[WhiteElo "2143"]
[BlackElo "2626"]
[Result "0-1"]
[Round "07"]
[TimeControl "180+2"]
[Date "2023.05.09"]
[WhiteClock "0:00:15"]
[BlackClock "0:00:13"]

1. f4 d5 2. Nf3 g6 3. e3 Bg7 4. Nc3 Nf6 5. b3 O-O 6. Bb2 c5 7. Be2 Nc6 8. O-O a6 9. d4 Ng4 10. Qd2 Nxe3 11. Qxe3 cxd4 12. Qd2 dxc3 13. Bxc3 Qb6+ 14. Kh1 d4 15. Bb2 Bf5 16. Rfe1 Rad8 17. Bd3 Bxd3 18. Qxd3 Rd7 19. Re4 Rfd8 20. Rae1 Qb5 21. Ba3 e6 22. Rd1 Qa5 23. Bb2 Qxa2 24. Ba1 Nb4 25. Qc4 Qxc2 26. Qxc2 Nxc2 27. Bb2 d3 28. Bxg7 Kxg7 29. Rd2 Nd4 30. Ne5 Nxb3 31. Rd1 Rd4 32. Re3 Rxf4 33. g3 Ra4 34. Rexd3 Rxd3 35. Rxd3 Nd4 36. Rc3 Nc6 37. Nd7 Ra1+ 38. Kg2 a5 39. Nc5 b5 40. Nb3 Ra2+ 41. Kh3 Ne5 42. Nd4 b4 43. Rc7 Kf6 44. g4 g5 45. Kg3 Ra3+ 46. Kg2 Nxg4 47. h3 Ne3+ 48. Kf2 Nf5 49. Nb5 Rxh3 50. Ra7 b3 51. Rxa5 b2 52. Na3 Rxa3 53. Rxa3 b1=Q 0-1


[Site "https://www.chess.com"]

[Event "Titled Tuesday Blitz May 9 Late 2023"]
[White "Vakhlamov, Igor L."]
[Black "Mortazavi, Ali"]
[WhiteFideId "24126748"]
[BlackFideId "401323"]
[WhiteElo "2407"]
[BlackElo "2339"]
[Result "0-1"]
[Round "07"]
[TimeControl "180+2"]
[Date "2023.05.09"]
[WhiteClock "0:00:00"]
[BlackClock "0:00:07"]

1. e4 c6 2. d4 d5 3. exd5 cxd5 4. c4 Nf6 5. Nc3 g6 6. cxd5 Nxd5 7. Qb3 Nb6 8. Bb5+ N8d7 9. Nf3 Bg7 10. a4 a5 11. O-O O-O 12. Re1 Nf6 13. h3 Qd6 14. Bg5 Bf5 15. Bxf6 Bxf6 16. Ne4 Bxe4 17. Rxe4 e6 18. Rae1 Rac8 19. h4 Qb4 20. Qe3 Nd5 21. Qe2 Qb3 22. Ne5 Bxe5 23. dxe5 Rc2 24. Qf3 Qxf3 25. gxf3 Rfc8 26. b3 R8c3 27. Bc4 Rxf3 28. R4e2 Rxe2 29. Rxe2 Rf4 30. Rd2 Rxh4 31. Bxd5 exd5 32. Rxd5 Rb4 33. Rxa5 Rxb3 34. Kg2 h5 35. f4 Kg7 36. Ra8 h4 37. a5 Rg3+ 38. Kf2 Rg4 39. Kf3 Rg3+ 40. Kf2 Ra3 41. Kg2 g5 42. f5 g4 43. f6+ Kg6 44. Rg8+ Kf5 45. Rg7 h3+ 46. Kh2 Ra2+ 47. Kh1 Kf4 48. e6 g3 0-1


[Site "https://www.chess.com"]

[Event "Titled Tuesday Blitz May 9 Late 2023"]
[White "Lavrik, Dmitry"]
[Black "cryptoguru02"]
[WhiteFideId "24113190"]
[WhiteElo "2345"]
[BlackElo "2591"]
[Result "1-0"]
[Round "07"]
[TimeControl "180+2"]
[Date "2023.05.09"]
[WhiteClock "0:00:49"]
[BlackClock "0:00:00"]

1. c4 g6 2. g3 Bg7 3. Bg2 c5 4. Nf3 Nc6 5. Nc3 e6 6. d4 cxd4 7. Nb5 d5 8. cxd5 Qa5+ 9. Bd2 Qxb5 10. dxc6 Qxc6 11. O-O Qd7 12. Bb4 Ne7 13. Rc1 Nc6 14. Ba3 e5 15. Ng5 Ne7 16. Qc2 O-O 17. Qc7 Re8 18. Qxd7 Bxd7 19. Rc7 Rad8 20. Rxb7 a5 21. Rc1 Nf5 22. Rcc7 Be6 23. Nxf7 Bxf7 24. Rxf7 d3 25. exd3 Rxd3 26. Be4 Rd1+ 27. Kg2 Bh6 28. Bc2 Rd2 29. Bb3 Nd4 30. Rg7+ 1-0


[Site "https://www.chess.com"]

[Event "Titled Tuesday Blitz May 9 Late 2023"]
[White "Nazari, Arad"]
[Black "Hnydiuk, Aleksander"]
[WhiteFideId "12577324"]
[BlackFideId "1109057"]
[WhiteElo "2175"]
[BlackElo "2374"]
[Result "0-1"]
[Round "07"]
[TimeControl "180+2"]
[Date "2023.05.09"]
[WhiteClock "0:00:00"]
[BlackClock "0:00:03"]

1. e4 Nf6 2. e5 Nd5 3. d4 d6 4. c4 Nb6 5. f4 dxe5 6. fxe5 Nc6 7. Be3 Bf5 8. Nc3 e6 9. Be2 Be7 10. Nf3 O-O 11. O-O f6 12. exf6 Bxf6 13. h3 Qe8 14. c5 Nd5 15. Bf2 Rd8 16. Bc4 Qg6 17. Bxd5 exd5 18. Kh1 Be4 19. Bg1 Bc2 20. Qd2 Rfe8 21. Rae1 Bd3 22. Rxe8+ Rxe8 23. Re1 Rxe1 24. Qxe1 Be4 25. Qe3 Bxd4 26. Qf4 Bxg1 27. Kxg1 Nd4 28. Nh4 Qh5 29. Kh2 g5 30. Qe5 Qxh4 31. Qxd4 Qf4+ 32. Kg1 c6 33. Nxe4 dxe4 34. Qd8+ Kf7 35. Qd7+ Kf6 36. Qxb7 Qc1+ 37. Kh2 Qxc5 38. Qxh7 e3 39. Qh8+ Kf5 40. Qh7+ Kf4 41. Qf7+ Ke4 42. Qf3+ Kd3 43. Qd1+ Ke4 44. Qf3+ Kd4 45. Qd1+ Ke5 46. Kg3 Qd4 47. Qf3 Qf4+ 48. Qxf4+ gxf4+ 49. Kf3 c5 50. b3 a5 51. a4 Kf5 52. h4 Ke5 53. h5 Kf5 54. g3 fxg3 55. Kxg3 Ke4 56. h6 e2 57. Kf2 Kd3 58. h7 Kd2 59. h8=Q e1=Q+ 60. Kg2 Qe2+ 61. Kg1 Qe3+ 62. Kg2 Qe4+ 63. Kf2 Qd4+ 64. Qxd4+ cxd4 65. b4 axb4 66. a5 b3 67. a6 b2 68. a7 b1=Q 69. a8=Q Qe1+ 70. Kg2 Qe2+ 71. Kg1 Qe3+ 72. Kg2 Qg5+ 73. Kf1 Qf4+ 74. Kg2 d3 75. Qa2+ Ke3 76. Qa7+ Qd4 77. Qa3 Ke2 78. Qe7+ Qe3 79. Qb4 Qf3+ 80. Kg1 Qf1+ 81. Kh2 Qf2+ 82. Kh1 Qf3+ 83. Kg1 d2 84. Qc4+ Qd3 85. Qg4+ Qf3 86. Qc4+ Ke1 87. Qb4 Qe3+ 88. Kg2 Ke2 89. Qg4+ Kd3 90. Qd1 Qe2+ 0-1


[Site "https://www.chess.com"]

[Event "Titled Tuesday Blitz May 9 Late 2023"]
[White "Kucuksari, Kaan"]
[Black "Atanasov, Anthony"]
[WhiteFideId "6380166"]
[BlackFideId "2623897"]
[WhiteElo "2364"]
[BlackElo "2326"]
[Result "1-0"]
[Round "07"]
[TimeControl "180+2"]
[Date "2023.05.09"]
[WhiteClock "0:01:12"]
[BlackClock "0:00:07"]

1. e4 e5 2. Nf3 Nf6 3. Nc3 Nc6 4. Bc4 Nxe4 5. Bxf7+ Kxf7 6. Nxe4 d5 7. Ng3 e4 8. Ng1 h5 9. h4 Bg4 10. N1e2 Bd6 11. d4 Kg6 12. Bg5 Qd7 13. f3 exf3 14. gxf3 Bxg3+ 15. Nxg3 Rae8+ 16. Kf2 Bxf3 17. Kxf3 Qg4+ 18. Kg2 Nxd4 19. Qd3+ Nf5 20. Qxf5+ Qxf5 21. Nxf5 Kxf5 22. Rhf1+ Kg6 23. Rad1 c6 24. Rd3 Re2+ 25. Rf2 Rhe8 26. Ra3 a6 27. Rb3 b5 28. Rc3 Rxf2+ 29. Kxf2 Re6 30. Re3 Kf5 31. Rxe6 Kxe6 32. b4 d4 33. Ke2 Kd5 34. Kd3 a5 35. bxa5 c5 36. a6 c4+ 37. Ke2 Kc6 38. Kf3 Kb6 39. Ke4 Kxa6 40. Kxd4 Ka5 41. a3 Ka4 42. Be7 Ka5 43. Kc5 g6 44. Bd6 Ka4 45. Kb6 c3 46. Be7 g5 47. hxg5 h4 48. g6 h3 49. g7 h2 50. g8=Q h1=Q 51. Qb3# 1-0


[Site "https://www.chess.com"]

[Event "Titled Tuesday Blitz May 9 Late 2023"]
[White "Averjanov, Alexey"]
[Black "Bayo Milagro, Alvaro"]
[WhiteFideId "14109867"]
[BlackFideId "22275240"]
[WhiteElo "2703"]
[BlackElo "2270"]
[Result "1-0"]
[Round "07"]
[TimeControl "180+2"]
[Date "2023.05.09"]
[WhiteClock "0:00:25"]
[BlackClock "0:00:00"]

1. d4 Nf6 2. c4 e6 3. Nf3 d5 4. e3 Bd6 5. Nbd2 O-O 6. Bd3 b6 7. O-O Bb7 8. Qe2 Nbd7 9. e4 dxe4 10. Nxe4 Nxe4 11. Bxe4 Bxe4 12. Qxe4 Nf6 13. Qe2 c5 14. Rd1 Qc7 15. b3 Rfd8 16. Bb2 Qe7 17. Rd3 Rac8 18. Rad1 cxd4 19. Nxd4 Qe8 20. h3 Bc5 21. Nb5 a6 22. Nd6 Bxd6 23. Rxd6 Rxd6 24. Rxd6 Rc6 25. Qe5 h6 26. Rd3 Rc5 27. Qd6 Qc6 28. Qd8+ Kh7 29. Bxf6 gxf6 30. Rd7 Rg5 31. Rxf7+ Rg7 32. Rxg7+ Kxg7 33. Qe7+ Kg6 34. Qd8 b5 35. Qg8+ Kf5 36. Qg4+ Ke5 37. cxb5 axb5 38. Qh5+ f5 39. Qxh6 Qc2 40. Qe3+ Kf6 41. a3 Qd1+ 42. Kh2 Qd6+ 43. f4 Qxa3 44. Qe5+ Kf7 45. Qxb5 Qc1 46. Qe5 Qb1 47. Qc7+ Kg6 48. Qc4 Qe1 49. b4 Kh5 50. b5 1-0


[Site "https://www.chess.com"]

[Event "Titled Tuesday Blitz May 9 Late 2023"]
[White "Harshavardhan G B"]
[Black "Bruedigam, Martin"]
[WhiteFideId "25059009"]
[BlackFideId "24608033"]
[WhiteElo "2323"]
[BlackElo "2331"]
[Result "1-0"]
[Round "07"]
[TimeControl "180+2"]
[Date "2023.05.09"]
[WhiteClock "0:02:24"]
[BlackClock "0:01:22"]

1. e4 c6 2. Nf3 d5 3. exd5 cxd5 4. Ne5 Nc6 5. d4 Bd7 6. Nd2 Nf6 7. c3 e6 8. Bd3 Bd6 9. Ndf3 Qc7 10. Qe2 h6 11. O-O a6 12. Re1 Be7 13. Bf4 Nxe5 14. Nxe5 Qb6 15. h3 Bc6 16. Nxf7 O-O 17. Ne5 Bd6 18. Nxc6 Bxf4 19. Ne7+ 1-0


[Site "https://www.chess.com"]

[Event "Titled Tuesday Blitz May 9 Late 2023"]
[White "Tatarinov, Dmitry"]
[Black "Haszon, David"]
[WhiteFideId "24160067"]
[BlackFideId "733610"]
[WhiteElo "2326"]
[BlackElo "2210"]
[Result "1-0"]
[Round "07"]
[TimeControl "180+2"]
[Date "2023.05.09"]
[WhiteClock "0:00:20"]
[BlackClock "0:00:00"]

1. e4 c5 2. Nf3 e6 3. d4 cxd4 4. Nxd4 Nf6 5. Nc3 Nc6 6. Bf4 Bc5 7. Nb3 Bb4 8. Qf3 d5 9. O-O-O O-O 10. e5 Bxc3 11. Qxc3 Nd7 12. Qg3 Kh8 13. h4 a5 14. Nd2 a4 15. a3 f6 16. exf6 Qxf6 17. Bg5 Qe5 18. f4 Qc7 19. Nf3 Nf6 20. Bd3 Ne4 21. Bxe4 dxe4 22. Ne5 Nxe5 23. fxe5 b5 24. h5 h6 25. Bd2 Bb7 26. Bb4 Rac8 27. c3 Rf5 28. Rd6 Qf7 29. Rhd1 Bd5 30. Qg6 Qxg6 31. hxg6 Rxe5 32. Rd7 Rg5 33. Bd6 Rxg6 34. g3 Kh7 35. Be5 Rg8 36. Bf4 Rf6 37. Kd2 Kg6 38. Ke3 Kf5 39. R7xd5+ exd5 40. Rxd5+ Kg4 41. Kxe4 g5 42. Be5 Re6 43. Rxb5 Rge8 44. c4 h5 45. Kd4 h4 46. gxh4 gxh4 47. Bc7 h3 48. c5 Rh6 49. Rb6 Rh5 50. Rg6+ Kf3 51. Rg3+ Ke2 52. c6 h2 53. Rg2+ Kf1 54. Rxh2 Rb5 55. Kc4 Rb3 56. Bd6 Re4+ 57. Kd5 Re1 58. c7 Rd1+ 59. Kc6 Rc1+ 60. Kd7 Rd3 61. c8=Q Rxc8 62. Kxc8 Rxd6 63. Kb7 Ke1 64. Rh4 Rd2 65. Rb4 Kd1 66. Ka6 Kc2 67. Ka5 Rd8 68. Kxa4 Ra8+ 69. Kb5 Rb8+ 70. Kc4 Rc8+ 71. Kd5 Rd8+ 72. Kc6 Rc8+ 73. Kb7 Rh8 74. a4 Rh7+ 75. Ka6 Rh6+ 76. Rb6 Rh8 77. b4 Kb3 78. a5 Ka4 79. b5 Ra8+ 80. Kb7 Rxa5 81. Kc6 Ra8 82. Ra6+ 1-0


[Site "https://www.chess.com"]

[Event "Titled Tuesday Blitz May 9 Late 2023"]
[White "Malicka, Maria"]
[Black "Simonian, Hrair"]
[WhiteFideId "1197576"]
[BlackFideId "13302337"]
[WhiteElo "2227"]
[BlackElo "2447"]
[Result "0-1"]
[Round "07"]
[TimeControl "180+2"]
[Date "2023.05.09"]
[WhiteClock "0:00:52"]
[BlackClock "0:00:17"]

1. e4 c5 2. Nf3 d6 3. d4 Nf6 4. Nc3 cxd4 5. Nxd4 a6 6. h4 e5 7. Nb3 Nc6 8. f4 exf4 9. Bxf4 Be6 10. Qd2 Ne5 11. O-O-O Qc7 12. Be2 Be7 13. Rhg1 h5 14. Bf3 b5 15. Nd4 Rc8 16. Nxe6 fxe6 17. Kb1 b4 18. Ne2 Nc4 19. Qd3 O-O 20. Nd4 Qd7 21. Bc1 Ne5 22. Qe2 a5 23. Bxh5 a4 24. g4 Rc7 25. g5 Nxh5 26. Qxh5 g6 27. Qe2 b3 28. axb3 axb3 29. Nxb3 Ra8 30. Rd4 Qc6 31. h5 Nf3 32. hxg6 Nxg1 33. Qh2 Bf8 34. Qxg1 Qxc2# 0-1


[Site "https://www.chess.com"]

[Event "Titled Tuesday Blitz May 9 Late 2023"]
[White "Matinian, Nikita"]
[Black "Pasti, Aron"]
[WhiteFideId "24129100"]
[BlackFideId "785857"]
[WhiteElo "2422"]
[BlackElo "2173"]
[Result "1-0"]
[Round "07"]
[TimeControl "180+2"]
[Date "2023.05.09"]
[WhiteClock "0:00:16"]
[BlackClock "0:00:00"]

1. e4 c5 2. Nf3 e6 3. d4 cxd4 4. Nxd4 Nc6 5. Nc3 Qc7 6. Be2 Nf6 7. Be3 Be7 8. O-O O-O 9. f4 d6 10. Kh1 b6 11. Nxc6 Qxc6 12. e5 Nd5 13. Nxd5 exd5 14. Bf3 Bb7 15. c3 dxe5 16. fxe5 Bc5 17. Bd4 f6 18. exf6 Bxd4 19. Qxd4 Rxf6 20. Rae1 Raf8 21. Re7 R8f7 22. Rfe1 Rxe7 23. Rxe7 Kf8 24. Re5 Re6 25. Qf4+ Ke8 26. Rxe6+ Qxe6 27. Qb8+ Bc8 28. h3 Ke7 29. Qxa7+ Kf6 30. Qc7 Qe1+ 31. Kh2 Qe5+ 32. Qxe5+ Kxe5 33. Kg3 d4 34. cxd4+ Kxd4 35. Kf4 Kd3 36. Be4+ Kd2 37. Bxh7 Kc1 38. b4 Kb2 39. Bg8 Ka3 40. b5 Bd7 41. Kg5 Bxb5 42. Kg6 Bf1 43. Bd5 b5 44. Kxg7 Bc4 45. Be4 Kxa2 46. h4 b4 47. h5 b3 48. h6 1-0


[Site "https://www.chess.com"]